 Dungeon Crawl Stone Soup version 0.17.0-26-gececa24 (console) character file.

309 Kloppie the Skirmisher (level 6, 0/58 HPs)
             Began as a Hill Orc Fighter on Nov 19, 2015.
             Killed from afar by a white imp (5 damage)
             ... with a puff of frost
             ... summoned by Eustachio
             ... on level 4 of the Dungeon.
             The game lasted 00:04:50 (3299 turns).

Kloppie the Skirmisher (Hill Orc Fighter)           Turns: 3299, Time: 00:04:50

Health: 0/58       AC:  9    Str: 24    XL:     6   Next: 41%
Magic:  6/6        EV:  7    Int:  8    God:
Gold:   227        SH:  9    Dex: 12    Spells: 0 memorised, 5 levels left

rFire  . . .     SeeInvis .     a - +0 war axe
rCold  . . .     Clarity  .     b - +0 scale mail
rNeg   . . .     SustAt   .     c - +0 shield
rPois  .         Gourm    .     (no helmet)
rElec  .         Spirit   .     (no cloak)
rCorr  .         Warding  .     k - +0 pair of gloves
rMut   +         Stasis   .     n - +0 pair of boots
MR     .....                    m - amulet of resist mutation
Stlth  ..........               (no ring)
                                (no ring)

@: mighty, not resistant to hostile enchantments, extremely unstealthy
A: no striking features
a: no special abilities


You were on level 4 of the Dungeon.
You were very hungry.

You visited 1 branch of the dungeon, and saw 4 of its levels.

You collected 227 gold pieces.

Inventory:

Hand Weapons
 a - a +0 war axe (weapon)
Armour
 b - a +0 scale mail (worn)
 c - a +0 shield (worn)
 k - a +0 pair of gloves (worn)
 n - a +0 pair of boots (worn)
Jewellery
 m - an amulet of resist mutation (around neck)
Wands
 A - a wand of magic darts (20)
 B - a wand of polymorph (0)
Scrolls
 g - a scroll of noise {unknown}
 i - a scroll of random uselessness {unknown}
 j - 2 scrolls of enchant armour {unknown}
 l - 2 scrolls of fear {unknown}
 p - a scroll of immolation {unknown}
 q - 4 scrolls of amnesia {unknown}
 t - 3 scrolls of identify {unknown}
 u - a scroll of magic mapping {unknown}
 v - 3 scrolls of remove curse {unknown}
 y - a scroll of enchant weapon {unknown}
Potions
 r - a potion of magic {unknown}
 w - 2 potions of invisibility {unknown}
 x - 5 potions of heal wounds {unknown}
 C - a potion of agility {unknown}
Comestibles
 e - 5 bread rations
 f - 2 meat rations
 o - a slice of pizza
 s - a beef jerky
 z - a royal jelly


   Skills:
 + Level 6.4 Fighting
 + Level 6.4 Axes
 - Level 3.2 Armour
 - Level 3.2 Shields


You had 5 spell levels left.
You didn't know any spells.

Dungeon Overview and Level Annotations

Branches:
Dungeon (4/15)
 Temple: D:4-7

Altars:
Yredelemnul

Annotations:
D:4 Eustachio, Pikel


Message History

The white imp gestures at you. You block the puff of frost.
Eustachio hits you with a rapier.
* * * LOW HITPOINT WARNING * * *
You block the worker ant's attack. The white imp gestures at you.
The puff of frost hits you!
* * * LOW HITPOINT WARNING * * *
The crimson imp hits you.
* * * LOW HITPOINT WARNING * * *
You slash Eustachio!
Eustachio is heavily wounded.
You slash the worker ant!
You kill the worker ant!
You closely miss the white imp. You miss the crimson imp.
Eustachio hits you with a rapier.
* * * LOW HITPOINT WARNING * * *
The crimson imp completely misses you. The white imp gestures at you.
The puff of frost hits you!
You die...

#.#######.###.#.#.#######.
#.# #.# #a#.#......... ###.#
##.###a#.#..##.##..
#...######...##.#.#..##.##..
#.#........#.##.#.#.........
#<..#####........p...##b##..
##..# #.#.##.#####a.......
#..# ###.#55..# #..a<...#
#..###...[@@5.# #.##b####
#..#%....####.# #........
#..#.P.P?## #.# #.##.###.
#....._................# #.
#.#..P.P.#####.#.####### #.
#.##.....# .# #. #. ###..##
#. #. #.## #######. #. #.#
#.......


You could see Eustachio, a crimson imp, a white imp and a shadow imp.

Vanquished Creatures
  2 slaves (D:4)
  An ogre (D:4)
  Ijyb (D:3)
  3 worker ants (D:4)
  Terence (D:3)
  An adder (D:2)
  An ooze (D:2)
  A worm (D:2)
  7 giant geckos
  3 orcs (D:4)
  A ball python (D:2)
  7 bats
  2 giant cockroaches
  10 hobgoblins
  3 quokkas
  3 giant newts
  9 goblins
  9 jackals
  5 kobolds
  10 rats
80 creatures vanquished.

Notes
Turn   | Place    | Note
--------------------------------------------------------------
     0 | D:1      | Kloppie the Hill Orc Fighter began the quest for the Orb.
     0 | D:1      | Reached XP level 1. HP: 19/19 MP: 1/1
    43 | D:1      | Reached skill level 4 in Fighting
    60 | D:1      | Reached XP level 2. HP: 18/27 MP: 2/2
   284 | D:1      | Reached XP level 3. HP: 29/34 MP: 3/3
  1002 | D:2      | Reached skill level 5 in Fighting
  1002 | D:2      | Reached XP level 4. HP: 40/42 MP: 4/4
  1351 | D:3      | Noticed Ijyb
  1364 | D:3      | Killed Ijyb
  2064 | D:3      | Noticed Terence
  2084 | D:3      | Killed Terence
  2084 | D:3      | Reached skill level 5 in Axes
  2084 | D:3      | Reached XP level 5. HP: 46/49 MP: 5/5
  2573 | D:4      | Noticed an ogre
  2581 | D:4      | Killed an ogre
  2581 | D:4      | Reached skill level 6 in Fighting
  2581 | D:4      | Reached XP level 6. HP: 6/58 MP: 6/6
  2960 | D:4      | Found a basalt altar of Yredelemnul.
  2961 | D:4      | Noticed a slave
  2962 | D:4      | Noticed Pikel
  2963 | D:4      | Noticed a slave
  2963 | D:4      | Noticed a slave
  2963 | D:4      | Noticed a slave
  2963 | D:4      | Noticed Eustachio
  2991 | D:4      | HP: 2/58 [poisoned by a worker ant]
  3295 | D:4      | Killed a slave
  3297 | D:4      | Killed a slave
  3299 | D:4      | Killed from afar by a white imp

Action                   |  1- 3 |  4- 6 || total
-------------------------+-------+-------++-------
Melee: War axe           |   147 |   187 ||   334
  Use: Potion            |       |     3 ||     3
  Eat: Chunk             |       |     7 ||     7
